 Dungeon Crawl Stone Soup version 0.29.0-4-gdea44cf6ec (webtiles) character file.

Game seed: 8314294209443597996

154 qw the Ruffian (level 5, -1/41 HPs)
             Began as a Ghoul Fire Elementalist on Aug 29, 2022.
             Slain by Terence
             ... wielding a +0 flail
              (11 damage)
             ... on level 3 of the Dungeon.
             The game lasted 00:02:14 (2455 turns).

qw the Ruffian (Ghoul Fire Elementalist)            Turns: 2455, Time: 00:02:14

Health: -1/41      AC:  8    Str: 14    XL:     5   Next: 36%
Magic:  6/6        EV:  6    Int: 10    God:
Gold:   103        SH:  0    Dex:  9    Spells: 6/7 levels left

rFire   . . .      SeeInvis .     - Unarmed
rCold   + . .      Faith    .   (no shield)
rNeg    + + +      Spirit   .   a - +0 chain mail
rPois   inf        Reflect  .   (no helmet)
rElec   .          Harm     .   (no cloak)
rCorr   .          Rampage  .   (no gloves)
Will    .....                   (no boots)
Stlth   ..........              (no amulet)
HPRegen 0.00/turn               (no ring)
MPRegen 0.10/turn               (no ring)

@: inhibited regen
A: claws 1, cold resistance 1, negative energy resistance 3, inhibited
regeneration, torment resistance 2, devour on kill
a: no special abilities


You were on level 3 of the Dungeon.
You visited 1 branch of the dungeon, and saw 3 of its levels.

You collected 103 gold pieces.


Innate Abilities, Weirdness & Mutations

You are immune to poison.
You have sharp fingernails.
Your flesh is cold resistant. (rC+)
You are immune to negative energy. (rN+++)
You do not regenerate when monsters are visible.
You are immune to unholy pain and torment.
You thrive by killing the living.


   Skills:
 - Level 2.2 Fighting
 - Level 1.3 Armour
 - Level 1.7 Dodging
 - Level 2.1 Stealth
 + Level 4.2 Unarmed Combat
 - Level 1.7 Spellcasting
 - Level 0.7 Conjurations
 - Level 2.4 Fire Magic


You had 6 spell levels left.
You knew the following spells:

 Your Spells              Type           Power      Damage    Failure   Level
a - Foxfire               Conj/Fire      16%        2x1d4     99%         1

Your spell library contained the following spells:

 Spells                   Type           Power      Damage    Failure   Level
 Scorch                   Fire           10%        2d6       99%         2
 Conjure Flame            Conj/Fire      4%         6-21      100%        3
 Inner Flame              Hex/Fire       3%         N/A       100%        3
 Flame Wave               Conj/Fire      4%         2d5       100%        4

Inventory:

Armour
 a - a +0 chain mail (worn)
Scrolls
 e - a scroll of identify
 f - a scroll of enchant armour
Potions
 b - a potion of haste
 h - a potion of flight {unknown}
 i - a potion of might {unknown}
 j - a potion of brilliance {unknown}

Dungeon Overview and Level Annotations

Branches:
Dungeon (3/15)

Altars:

Annotations:
D:3 Sigmund, Terence


Message History

You scratch the bat. Your claw misses the bat.
The bat is moderately wounded.
The bat hits you but does no damage. x2
You scratch the bat.
You kill the bat!
You feel better.
You start resting.
HP restored.
You see here a dart slug corpse.
You now have 103 gold pieces (gained 4).
Terence the Incautious comes into view.
He is wielding a +0 flail.
Found 13 gold pieces.
Terence shouts!
Enter note: Sigmund the Dreaded comes into view.
He is wielding a +0 scythe.
2442 ||| Stepping ~*~*~tactically~*~*~ (stealth).
2443 ||| Stepping ~*~*~tactically~*~*~ (stealth).
You barely miss Terence. Your claw misses Terence. Terence barely misses you.
You closely miss Terence. Terence hits you with a +0 flail.
You closely miss Terence. Terence hits you with a +0 flail!
You closely miss Terence. Terence hits you with a +0 flail.
You scratch Terence.
Terence is lightly wounded.
A hobgoblin comes into view.
Terence completely misses you.
You barely miss Terence.
Terence is lightly wounded.
A kobold comes into view. It is wielding a +0 whip.
Terence hits you with a +0 flail!
You closely miss Terence.
Terence is lightly wounded.
Terence hits you with a +0 flail!
You scratch Terence.
Terence is moderately wounded.
Terence hits you with a +0 flail!
You die...

#.........##.#...
#.........##)#...
#.........##.#...
###.........##.##..
#...........##.....
#........%.........
#.......#..%...##..
#.......#+###......
#.@@........#(...##
#.....g.....#....#
##.####.....#....#
#.. #.....#....#
##. #.@......# .K
$##.[...# .. ...


You could see Terence, a hobgoblin and a kobold.

Vanquished Creatures
  An orc priest (D:3)
  Jessica (D:2)
  An orc wizard (D:2)
  2 adders (D:2)
  A worm (D:2)
  2 dart slugs
  An orc (D:3)
  6 ball pythons
  3 endoplasms (D:1)
  2 giant cockroaches (D:2)
  5 goblins (D:1)
  5 hobgoblins
  2 quokkas (D:2)
  4 bats
  5 frilled lizards
  5 kobolds
  5 rats
51 creatures vanquished.

Notes
Turn   | Place    | Note
-------+----------+-------------------------------------------
     0 | D:1      | qw the Ghoul Fire Elementalist began the quest for the Orb.
     0 | D:1      | Reached XP level 1. HP: 14/14 MP: 2/2
     0 | D:1      | 0 ||| qw: Version: 0.1-a-90-g952f4b7
     0 | D:1      | 0 ||| qw: Game counter: 3843
     0 | D:1      | 0 ||| qw: Always use a shield: true
     0 | D:1      | 0 ||| qw: God list: Okawaru
     0 | D:1      | 0 ||| qw: Allow faded altars: false
     0 | D:1      | 0 ||| qw: Do Orc after D:15 true
     0 | D:1      | 0 ||| qw: Do second Lair branch before Depths: true
     0 | D:1      | 0 ||| qw: Lair rune preference: random
     0 | D:1      | 0 ||| qw: Plans: Normal
     0 | D:1      | 0 ||| PLANNING D:1-11
   347 | D:1      | 347 ||| Stepping ~*~*~tactically~*~*~ (stealth).
   351 | D:1      | 351 ||| Stepping ~*~*~tactically~*~*~ (stealth).
   362 | D:1      | 362 ||| Stepping ~*~*~tactically~*~*~ (stealth).
   363 | D:1      | 363 ||| Stepping ~*~*~tactically~*~*~ (stealth).
   365 | D:1      | 365 ||| Stepping ~*~*~tactically~*~*~ (stealth).
   374 | D:1      | Reached skill level 1 in Unarmed Combat
   524 | D:1      | 524 ||| Stepping ~*~*~tactically~*~*~ (stealth).
   546 | D:1      | 546 ||| Stepping ~*~*~tactically~*~*~ (stealth).
   591 | D:1      | Reached skill level 1 in Fighting
   591 | D:1      | Reached XP level 2. HP: 23/23 MP: 3/3
   638 | D:1      | 638 ||| Stepping ~*~*~tactically~*~*~ (stealth).
   639 | D:1      | 639 ||| Stepping ~*~*~tactically~*~*~ (stealth).
   670 | D:1      | 670 ||| Stepping ~*~*~tactically~*~*~ (stealth).
   671 | D:1      | 671 ||| Stepping ~*~*~tactically~*~*~ (stealth).
   675 | D:1      | 675 ||| Stepping ~*~*~tactically~*~*~ (stealth).
   678 | D:1      | 678 ||| Stepping ~*~*~tactically~*~*~ (stealth).
   721 | D:1      | 721 ||| Stepping ~*~*~tactically~*~*~ (stealth).
   730 | D:1      | 730 ||| Stepping ~*~*~tactically~*~*~ (stealth).
   855 | D:1      | Reached skill level 2 in Unarmed Combat
   883 | D:1      | 883 ||| Stepping ~*~*~tactically~*~*~ (stealth).
   896 | D:1      | 896 ||| Stepping ~*~*~tactically~*~*~ (stealth).
   898 | D:1      | 898 ||| Stepping ~*~*~tactically~*~*~ (stealth).
   903 | D:1      | 903 ||| Stepping ~*~*~tactically~*~*~ (stealth).
   905 | D:1      | 905 ||| Stepping ~*~*~tactically~*~*~ (stealth).
   970 | D:1      | Reached XP level 3. HP: 28/28 MP: 4/4
  1132 | D:1      | 1132 ||| UPGRADING to +0 leather armour.
  1142 | D:1      | 1142 ||| DROPPING +0 robe.
  1143 | D:1      | 1143 ||| UPGRADING to +0 scale mail.
  1153 | D:1      | 1153 ||| DROPPING +0 leather armour.
  1154 | D:1      | 1154 ||| READING 4 scrolls labelled FORCHO AXZUMA.
  1155 | D:1      | 1155 ||| READING scroll labelled NAWUFR OCSIPRIA.
  1156 | D:1      | 1156 ||| READING scroll labelled SIJEUB EKALURCH.
  1157 | D:1      | 1157 ||| READING 3 scrolls of identify.
  1157 | D:1      | 1157 ||| IDENTIFYING orange potion
  1158 | D:1      | 1158 ||| DROPPING potion of magic.
  1159 | D:1      | 1159 ||| DROPPING potion of invisibility.
  1186 | D:2      | Noticed Jessica
  1187 | D:2      | 1187 ||| Stepping ~*~*~tactically~*~*~ (hiding).
  1195 | D:2      | Killed Jessica
  1196 | D:2      | Reached skill level 3 in Unarmed Combat
  1245 | D:2      | Reached XP level 4. HP: 34/35 MP: 5/5
  1362 | D:2      | Found a faded altar of an unknown god.
  1619 | D:2      | 1619 ||| Stepping ~*~*~tactically~*~*~ (stealth).
  1800 | D:2      | Reached skill level 4 in Unarmed Combat
  1858 | D:2      | 1858 ||| Stepping ~*~*~tactically~*~*~ (stealth).
  2066 | D:2      | 2066 ||| UPGRADING to +0 chain mail.
  2076 | D:2      | 2076 ||| DROPPING +0 scale mail.
  2077 | D:2      | 2077 ||| READING scroll labelled BITUDOAGIMN.
  2080 | D:2      | 2080 ||| READING scroll labelled TABLEL SICWIN.
  2081 | D:2      | 2081 ||| READING 2 scrolls of identify.
  2081 | D:2      | 2081 ||| IDENTIFYING sapphire potion
  2100 | D:3      | 2100 ||| Stepping ~*~*~tactically~*~*~ (hiding).
  2101 | D:3      | 2101 ||| Stepping ~*~*~tactically~*~*~ (hiding).
  2105 | D:3      | 2105 ||| STAIRDANCE
  2116 | D:2      | Reached XP level 5. HP: 34/41 MP: 6/6
  2175 | D:3      | 2175 ||| STAIRDANCE
  2212 | D:3      | Reached skill level 1 in Armour
  2337 | D:3      | 2337 ||| Stepping ~*~*~tactically~*~*~ (stealth).
  2440 | D:3      | Noticed Terence
  2441 | D:3      | Noticed Sigmund
  2442 | D:3      | 2442 ||| Stepping ~*~*~tactically~*~*~ (stealth).
  2443 | D:3      | 2443 ||| Stepping ~*~*~tactically~*~*~ (stealth).
  2454 | D:3      | HP: 10/41 [Terence/+0 flail (8)]
  2455 | D:3      | Slain by Terence

Levels and vault maps discovered:
D:1:      psy_arrival_radial02, layout_basic
D:2:      layout_loops_ring, ebering_ecumenical_altar_sacrificial,
          mrwooster_statue_mirror, uniq_jessica
D:3:      layout_basic, nicolae_overflow_hidden_temple, minmay_quantized,
          uniq_sigmund, uniq_terence

Skill      XL: |  1  2  3  4  5 |
---------------+----------------+-----
Unarmed Combat | 1 2 3 4 |  4.2
Fighting       | 1 2 |  2.2
Armour         | 1 |  1.3
Dodging        | |  1.7
Stealth        | |  2.1
Spellcasting   | |  1.7
Conjurations   | |  0.7
Fire Magic     | |  2.4

Action                   |  1- 3 |  4- 6 || total
-------------------------+-------+-------++-------
Melee: Unarmed           |    73 |   106 ||   179
       Punch             |     1 |     1 ||     2
  Use: Scroll            |     4 |     3 ||     7
Armor: Robe              |     2 |       ||     2
       Scale mail        |     2 |    19 ||    21
       Chain mail        |       |    16 ||    16
Dodge: Dodged            |    38 |    32 ||    70

Table legend:
 A = Non-vault XP
 B = Vault XP
 C = Vault XP percentage of total XP
 D = Non-vault monster count
 E = Vault monster count
 F = Vault count percentage of total count
                 A         B        C        D         E       F
            +---------+---------+-------+---------+---------+-------
      Total |     184 |      37 |  16.7 |      50 |       1 |   2.0
            +---------+---------+-------+---------+---------+-------
        D:1 |      35 |       0 |   0.0 |      23 |       0 |   0.0
        D:2 |      96 |      37 |  27.8 |      21 |       1 |   4.5
        D:3 |      53 |       0 |   0.0 |       6 |       0 |   0.0
            +---------+---------+-------+---------+---------+-------
